 Dungeon Crawl Stone Soup version 0.22-a0-392-g5dc3fd9af9 (webtiles) character file.

1968 P0ring the Basher (level 9, -3/78 HPs)
             Began as a Minotaur Berserker on May 1, 2018.
             Was an Elder of Trog.
             Killed from afar by Laan's ghost (17 damage)
             ... with a stone arrow
             ... on level 7 of the Dungeon.
             The game lasted 00:12:13 (5611 turns).

P0ring the Basher (Minotaur Berserker)              Turns: 5611, Time: 00:12:14

Health: -3/78      AC: 15    Str: 25    XL:     9   Next: 0%
Magic:  8/8        EV: 12    Int:  4    God:    Trog [****..]
Gold:   267        SH:  3    Dex: 10    Spells: 8/8 levels left

rFire    . . .     SeeInvis .   a - +1 mace (flame)
rCold    . . .     Gourm    .   D - +0 buckler
rNeg     . . .     Faith    .   w - +2 scale mail {rPois}
rPois    +         Spirit   .   (helmet restricted)
rElec    .         Reflect  .   h - +1 cloak
rCorr    .         Harm     .   A - +2 pair of gloves
MR       .....                  (no boots)
Stlth    ..........             (no amulet)
HPRegen  0.23/turn              (no ring)
MPRegen  0.11/turn              (no ring)

@: flying
A: retaliatory headbutt, horns 2
a: Berserk, Trog's Hand, Brothers in Arms, Renounce Religion


You were on level 7 of the Dungeon.
You worshipped Trog.
Trog was greatly pleased with you.
You were not hungry.

You visited 1 branch of the dungeon, and saw 7 of its levels.

You collected 267 gold pieces.

Inventory:

Hand Weapons
 a - a +1 mace of flaming (weapon)
Armour
 b - a +0 animal skin
 h - a +1 cloak (worn)
 n - a +0 scale mail of magic resistance
 w - a +2 scale mail of poison resistance (worn)
 y - a +0 pair of gloves
 A - a +2 pair of gloves (worn)
 D - a +0 buckler (worn)
Jewellery
 s - an uncursed ring of teleportation
Wands
 j - a wand of acid (4)
 p - a wand of disintegration (13)
Scrolls
 d - 5 scrolls of identify
 e - 2 scrolls of enchant armour
 f - 2 scrolls of enchant weapon
 g - 2 scrolls of amnesia
 k - a scroll of noise
 m - a scroll of fear
 o - 2 scrolls of teleportation
 v - 2 scrolls of magic mapping
Potions
 i - a potion of haste {unknown}
 l - 2 potions of ambrosia
 q - a potion of flight
 r - a potion of lignification {unknown}
 t - a potion of brilliance {unknown}
 u - a potion of curing
 x - a potion of invisibility {unknown}
 B - a potion of agility {unknown}
Comestibles
 c - 8 rations
 z - 6 chunks of flesh


   Skills:
 + Level 6.5 Fighting
 + Level 9.4 Maces & Flails
 + Level 7.4 Armour
 + Level 5.6 Dodging
 + Level 1.8 Stealth
 + Level 1.0 Shields


You had 8 spell levels left.
You didn't know any spells.

Dungeon Overview and Level Annotations

Branches:
Dungeon (7/15)             Temple (0/1) D:4

Altars:
Ashenzari
Cheibriados
Elyvilon
Qazlal
Ru
Sif Muna
Trog
Yredelemnul
The Shining One

Shops:
D:5 [   D:7 *

Annotations:
D:7 Laan's ghost, novice DEEE


Innate Abilities, Weirdness & Mutations

You reflexively headbutt those who attack you in melee.
You have a pair of horns on your head.


Message History

Laan's ghost hits you.
* * * LOW HITPOINT WARNING * * *
Unknown command.
You are too injured to fight recklessly!
You sock the centaur! You burn the centaur.
You headbutt the centaur, but do no damage.
The centaur is almost dead.
The centaur hits you but does no damage.
Laan's ghost hits you!
* * * LOW HITPOINT WARNING * * *
The orc hits you with a mace.
* * * LOW HITPOINT WARNING * * *
The centaur closely misses you.
You closely miss Laan's ghost.
Laan's ghost is almost destroyed.
The centaur hits you.
* * * LOW HITPOINT WARNING * * *
Laan's ghost casts a spell at you. The stone arrow hits you!
You die...

#.....#....##....##...........#
#.....'....#..................#
#.....#....#..................#
#.....#....#..................#
#..#.##...#########.....###...#
####+##.รท.###..########## ###
#........#(..........
#........#...W.......
#........#(.@c)......
#........#...o.......
#........'...........
#........###..##.##...
####.....# #..# .# .. #......
....... . #...... +........
#...... #......... #......
......


You could see a centaur, Laan's ghost and an orc.

Vanquished Creatures
  2 hippogriffs
  A water moccasin (D:6)
  An orc warrior (D:7)
  A sky beast (D:6)
  An ice beast (D:6)
  2 ogres
  A centaur (D:4)
  3 bullfrogs
  A scorpion (D:4)
  5 howler monkeys
  A hound (D:5)
  A centaur skeleton (D:4)
  An orc priest (D:3)
  4 orc wizards (D:6)
  2 worker ants
  A killer bee zombie (D:5)
  A hound skeleton (D:6)
  An adder (D:5)
  7 gnolls
  6 oozes
  5 worms
  5 dart slugs
  6 leopard geckos
  24 orcs
  A ball python (D:2)
  10 bats
  A giant cockroach (D:3)
  2 gnoll zombies (D:2)
  8 goblins
  11 hobgoblins
  7 jackals
  7 kobolds
  2 quokkas
  5 frilled lizards
  8 rats
  A plant (D:4)
146 creatures vanquished.

Vanquished Creatures (others)
  An orc wizard (D:6)
1 creature vanquished.

Grand Total: 147 creatures vanquished

Notes
Turn   | Place    | Note
-------+----------+-------------------------------------------
     0 | D:1      | P0ring the Minotaur Berserker began the quest for the Orb.
     0 | D:1      | Reached XP level 1. HP: 19/19 MP: 0/0
   119 | D:1      | Reached XP level 2. HP: 24/27 MP: 1/1
   133 | D:1      | Reached skill level 4 in Maces & Flails
   324 | D:1      | Reached XP level 3. HP: 28/33 MP: 2/2
   492 | D:1      | Reached ** piety under Trog
   871 | D:2      | Found a faded altar of an unknown god.
   949 | D:2      | Reached XP level 4. HP: 38/41 MP: 3/3
  1520 | D:2      | Found a basalt altar of Yredelemnul.
  1813 | D:3      | Found a stormy altar of Qazlal.
  1881 | D:3      | Reached skill level 5 in Maces & Flails
  2162 | D:3      | Reached XP level 5. HP: 47/47 MP: 4/4
  2542 | D:4      | Noticed an ogre
  2548 | D:4      | Killed an ogre
  2548 | D:4      | Reached skill level 1 in Stealth
  2548 | D:4      | Reached XP level 6. HP: 54/55 MP: 5/5
  2549 | D:4      | Reached skill level 6 in Maces & Flails
  2764 | D:4      | Reached skill level 5 in Fighting
  2988 | D:4      | Reached *** piety under Trog
  3370 | D:4      | Reached XP level 7. HP: 61/61 MP: 6/6
  3488 | D:4      | Found a staircase to the Ecumenical Temple.
  3577 | D:5      | Entered Level 5 of the Dungeon
  3734 | D:5      | Reached skill level 7 in Maces & Flails
  3942 | D:5      | Found Huegaat's Armour Shoppe.
  3970 | D:5      | Noticed a hippogriff
  3978 | D:5      | Killed a hippogriff
  4392 | D:6      | Reached skill level 5 in Armour
  4448 | D:6      | Reached skill level 5 in Dodging
  4679 | D:6      | Reached XP level 8. HP: 70/70 MP: 7/7
  4737 | D:6      | Found a deep blue altar of Sif Muna.
  4744 | D:6      | Found a white marble altar of Elyvilon.
  4744 | D:6      | Found a shattered altar of Ashenzari.
  4747 | D:6      | Found a sacrificial altar of Ru.
  4750 | D:6      | Found a glowing golden altar of the Shining One.
  4750 | D:6      | Found a bloodstained altar of Trog.
  4750 | D:6      | Found a snail-covered altar of Cheibriados.
  4812 | D:6      | Reached skill level 8 in Maces & Flails
  5268 | D:6      | Reached **** piety under Trog
  5484 | D:7      | Found Evvisepu's Assorted Antiques.
  5506 | D:7      | Reached skill level 9 in Maces & Flails
  5541 | D:7      | Noticed a hippogriff
  5550 | D:7      | Killed a hippogriff
  5589 | D:7      | Noticed Laan's ghost (novice DEEE)
  5595 | D:7      | Reached skill level 1 in Shields
  5595 | D:7      | Reached XP level 9. HP: 68/78 MP: 8/8
  5611 | D:7      | Killed from afar by Laan's ghost

Vault maps used:
D:1:      erik_arrival_gehennom
D:2:      lemuel_zombie_altar_yredelemnul, chequers_ecumenical_altar_island
D:3:      grunt_qazlal_sundering, hangedman_decor_points
D:4:      corexii_shack_village, temple_statues, first_ration,
          hangedman_abyss_or_decor_stabs
D:5:      serial_shops, kennysheep_little_box
D:6:      lemuel_doored_altar, grunt_temple_overflow_open,
          hangedman_abyss_or_decor_passed
D:7:      serial_shops, shop

Skill      XL: |  1  2  3  4  5  6  7  8 |
---------------+-------------------------+-----
Fighting       | 4 5 6 |  6.5
Maces & Flails | 4 5 6 7 9 |  9.4
Dodging        | 3 4 5 |  5.6
Armour         | 3 5 7 |  7.4
Stealth        | 1 |  1.8
Shields        | 1 |  1.0

Action                   |  1- 3 |  4- 6 |  7- 9 || total
-------------------------+-------+-------+-------++-------
Melee: Mace              |    66 |   139 |   185 ||   390
       Headbutt          |     8 |    31 |    36 ||    75
Invok: Berserk           |       |     1 |       ||     1
       Trog's Hand       |       |       |     1 ||     1
  Use: Scroll            |     3 |     3 |     5 ||    11
       Potion            |       |       |     3 ||     3
 Stab: Sleeping          |     2 |       |       ||     2
  Eat: Ration            |       |     2 |     1 ||     3
       Chunk             |       |     1 |     5 ||     6
Armor: Animal skin       |     8 |     1 |       ||     9
       Scale mail        |       |    42 |   117 ||   159
Dodge: Dodged            |    57 |    74 |   113 ||   244
Block: Buckler           |       |       |    12 ||    12

Table legend:
 A = Spawn XP
 B = Non-spawn XP
 C = Spawn XP percentage of total XP
 D = Spawn monster count
 E = Non-spawn monster count
 F = Spawn count percentage of total count
 G = Total turns spent on level
                    A         B        C        D         E        F      G
               +---------+---------+-------+---------+---------+-------+---------
         Total |       0 |    2812 |   0.0 |       0 |     146 |   0.0 |  5611
               +---------+---------+-------+---------+---------+-------+---------
           D:1 |       0 |      82 |   0.0 |       0 |      33 |   0.0 |   944
           D:2 |       0 |      42 |   0.0 |       0 |      15 |   0.0 |   786
           D:3 |       0 |      83 |   0.0 |       0 |      18 |   0.0 |   778
           D:4 |       0 |     531 |   0.0 |       0 |      29 |   0.0 |  1069
           D:5 |       0 |     348 |   0.0 |       0 |      14 |   0.0 |   776
           D:6 |       0 |    1063 |   0.0 |       0 |      28 |   0.0 |  1111
           D:7 |       0 |     663 |   0.0 |       0 |       9 |   0.0 |   147
               +---------+---------+-------+---------+---------+-------+---------
